 Dungeon Crawl Stone Soup version 0.18.1-1-g2f07953 (webtiles) character file.

128 M4edhros the Sneak (level 5, -3/33 HPs)
             Began as an Octopode Artificer on May 7, 2016.
             Slain by an orc wizard
             ... wielding a +0 dagger
              (4 damage)
             ... on level 3 of the Dungeon.
             The game lasted 00:01:17 (1467 turns).

M4edhros the Sneak (Octopode Artificer)             Turns: 1467, Time: 00:01:18

Health: -3/33      AC:  1    Str: 11    XL:     5   Next: 11%
Magic:  7/7        EV: 12    Int: 14    God:
Gold:   49         SH:  0    Dex: 13    Spells: 0 memorised, 4 levels left

rFire  . . .     SeeInvis .     a - +0 short sword
rCold  . . .     Gourm    .     (no shield)
rNeg   . . .     Faith    .     (helmet restricted)
rPois  .         Spirit   .     (no amulet)
rElec  .         Dismiss  .     (no ring)
rCorr  .         Reflect  .     (no ring)
SustAt .         Harm     .     (no ring)
MR     .....                    (no ring)
Stlth  +++++.....               (no ring)
                                (no ring)
                                (no ring)
                                (no ring)

@: not resistant to hostile enchantments, quite stealthy
A: almost no armour, amphibious, 8 rings, constrict 8, camouflage 1, gelatinous
body 1
a: no special abilities


You were on level 3 of the Dungeon.
You were not hungry.

You visited 1 branch of the dungeon, and saw 3 of its levels.

You collected 49 gold pieces.

Inventory:

Hand Weapons
 a - a +0 short sword (weapon)
Wands
 b - a wand of flame (12/48)
 c - a wand of enslavement (14/24)
 d - a wand of random effects (15/48)
 l - a wand of iceblast (6/15)
Scrolls
 e - 2 scrolls of random uselessness {unknown}
 h - a scroll of identify {unknown}
 n - a scroll of immolation {unknown}
 o - a scroll of amnesia {unknown}
 r - a scroll of enchant armour {unknown}
Potions
 j - a potion of might {unknown}
 k - 2 potions of heal wounds {unknown}
 p - a potion of curing {unknown}
Comestibles
 f - 3 bread rations
 g - a slice of pizza
 i - 5 chunks of flesh
 m - a beef jerky
 q - 2 meat rations


   Skills:
 - Level 1.0 Fighting
 - Level 1.0 Short Blades
 - Level 2.0 Dodging
 + Level 6.9 Stealth
 - Level 3.2 Evocations


You had 4 spell levels left.
You didn't know any spells.

Dungeon Overview and Level Annotations

Branches:
Dungeon (3/15)

Altars:


Innate Abilities, Weirdness & Mutations

You cannot wear most types of armour.
You are amphibious.
You can wear up to eight rings at the same time.
You can use your tentacles to constrict eight enemies at once.
Your skin changes colour to match your surroundings (Stealth).
Your rubbery body absorbs attacks (AC +1).


Message History

Aim: an orc, wielding a mace The puff of flame hits the orc.
You kill the orc!
This wand has 14 charges left.
Evoke which item? (* to show all) (? for menu, Esc to quit)
Zapping:
b - a wand of flame (14/48)
Press: ? - help, Shift-Dir - straight line The puff of flame hits the orc.
You kill the orc!
This wand has 13 charges left.
Evoke which item? (* to show all) (? for menu, Esc to quit)
Zapping:
b - a wand of flame (13/48)
Press: ? - help, Shift-Dir - straight line, f - you Really target yourself?
Okay, then.
Evoke which item? (* to show all) (? for menu, Esc to quit)
Zapping:
b - a wand of flame (13/48)
Press: ? - help, Shift-Dir - straight line, f - you This wand has 12 charges left.
Something hits you.
You die...

.........# .# #
##.......# #.# .#
#.....h.###.###.#
#....o..........#
#....†..........#
#######.........#
###..........#
#.)..........#### ..
#@#.............. ..
#.{..(##......... ..
#####)..##.###..... #.
#..o(..###.# ....
#.##......# #.# ... #
#.l.......# #.# #...
#.#.........###.# ....
#...............#
#...####...<.......#.#.#


There were no monsters in sight!

Vanquished Creatures
  Jessica (D:3)
  Terence (D:3)
  4 adders
  An ooze (D:1)
  3 dart slugs
  3 orcs (D:3)
  A bat (D:1)
  3 giant cockroaches (D:1)
  A goblin (D:1)
  3 hobgoblins (D:1)
  2 jackals (D:3)
  A giant newt (D:1)
  7 rats
31 creatures vanquished.

Vanquished Creatures (others)
  A hobgoblin (D:3)
1 creature vanquished.

Grand Total: 32 creatures vanquished

Notes
Turn   | Place    | Note
--------------------------------------------------------------
     0 | D:1      | M4edhros the Octopode Artificer began the quest for the Orb.
     0 | D:1      | Reached XP level 1. HP: 13/13 MP: 3/3
    34 | D:1      | Reached skill level 2 in Stealth
   110 | D:1      | Reached skill level 3 in Stealth
   110 | D:1      | Reached XP level 2. HP: 15/18 MP: 4/4
   441 | D:1      | Reached skill level 4 in Stealth
   479 | D:1      | Reached XP level 3. HP: 17/23 MP: 5/5
   931 | D:3      | Reached skill level 5 in Stealth
   969 | D:3      | Noticed Jessica
   973 | D:3      | Reached XP level 4. HP: 16/28 MP: 6/6
   975 | D:3      | Killed Jessica
   975 | D:3      | Reached skill level 6 in Stealth
  1256 | D:3      | Noticed Terence
  1287 | D:3      | Killed Terence
  1287 | D:3      | Reached XP level 5. HP: 9/33 MP: 7/7
  1462 | D:3      | HP: 1/33 [something/magic dart (9)]
  1467 | D:3      | Slain by an orc wizard

Skill      XL: |  1  2  3  4 |
---------------+-------------+-----
Stealth        | 3 4 5 6 |  6.9
Fighting       | |  1.0
Short Blades   | |  1.0
Dodging        | |  2.0
Evocations     | |  3.2

Action                   |  1- 3 |  4- 6 || total
-------------------------+-------+-------++-------
Melee: Short sword       |    55 |    20 ||    75
       Constrict         |    13 |     4 ||    17
       Tentacles         |     8 |     2 ||    10
Evoke: Wand              |       |     4 ||     4
  Use: Potion            |       |     1 ||     1
 Stab: Sleeping          |     7 |     1 ||     8
       Distracted        |       |     1 ||     1
  Eat: Chunk             |       |     2 ||     2
Armor: Skin              |     2 |     3 ||     5
Dodge: Dodged            |    30 |     5 ||    35
